[Event "Titled Tuesday Blitz July 20 2021"]
[White "Timofeev, Artyom"]
[Black "Gelman, Alexander"]
[WhiteFideId "4140419"]
[BlackFideId "4118316"]
[WhiteElo "2582"]
[BlackElo "2375"]
[Result "1-0"]
[Round "06"]
[TimeControl "180+1"]
[Date "2021.07.20"]
[WhiteClock "0:00:11"]
[BlackClock "0:00:03"]

1. c4 c5 2. Nf3 Nf6 3. Nc3 d6 4. g3 e6 5. Bg2 a6 6. O-O Be7 7. b3 O-O 8. Bb2 Nbd7 9. e3 Qc7 10. d4 Rb8 11. Rc1 b6 12. d5 exd5 13. cxd5 Re8 14. e4 Bf8 15. Nd2 b5 16. h3 g6 17. f4 Bg7 18. Qc2 Nb6 19. Kh2 Bb7 20. Rce1 b4 21. Nd1 a5 22. Ne3 Ba6 23. Rg1 Rbd8 24. e5 dxe5 25. Bxe5 Rxe5 26. fxe5 Nfxd5 27. Nxd5 Nxd5 28. e6 fxe6 29. Rxe6 Bc8 30. Bxd5 Rxd5 31. Re8+ Kf7 32. Qc4 Kxe8 33. Qxd5 Qe7 34. Ne4 Be6 35. Qa8+ Qd8 36. Qxd8+ Kxd8 37. Nxc5 Bf5 38. Nb7+ Kc7 39. Nxa5 Kb6 40. Nc4+ Kc5 41. Rd1 Bc2 42. Rd2 Bb1 43. a4 Bc3 44. Rf2 Bd3 45. Ne3 Bd4 46. Rd2 Be4 47. Nd1 Bc3 48. Re2 Bd3 49. Re8 Bf6 50. Rc8+ Kd4 51. a5 Be2 52. Nf2 Ke3 53. Ng4+ Bxg4 54. hxg4 Kd3 55. a6 1-0


[Site "https://www.chess.com"]

[Event "Titled Tuesday Blitz July 20 2021"]
[White "Tin, Jingyao"]
[Black "Moskalenko, Alexander"]
[WhiteFideId "5804418"]
[BlackFideId "4155351"]
[WhiteElo "2374"]
[BlackElo "2495"]
[Result "1-0"]
[Round "06"]
[TimeControl "180+1"]
[Date "2021.07.20"]
[WhiteClock "0:00:12"]
[BlackClock "0:01:32"]

1. d4 d5 2. c4 c6 3. Nf3 Nf6 4. e3 Bf5 5. Nc3 e6 6. Nh4 Be4 7. f3 Bg6 8. g3 Nbd7 9. Bd2 Be7 10. Qb3 Qc8 11. Be2 a6 12. Nxg6 hxg6 13. cxd5 exd5 14. O-O-O a5 15. Kb1 Qc7 16. Rc1 Qb6 17. Qxb6 Nxb6 18. e4 Nc4 19. Bg5 Rh5 20. f4 Rxg5 21. fxg5 Nd2+ 22. Kc2 Nfxe4 23. h4 Nxc3 24. bxc3 Ne4 25. g4 Kd7 26. Bd3 Nd6 27. Rcf1 Rh8 28. Kd1 b5 29. Kc2 Bd8 30. Kd1 Bb6 31. h5 Bd8 32. hxg6 Rxh1 33. Rxh1 fxg6 34. Rh7 Bxg5 35. Rxg7+ Be7 36. Bxg6 Ke6 37. Bf5+ Kf6 38. Rg6+ Kf7 39. Rh6 b4 40. Kc2 bxc3 41. Kxc3 Nb5+ 42. Kd3 Bf6 43. Bd7 Nxd4 44. Rxf6+ 1-0


[Site "https://www.chess.com"]

[Event "Titled Tuesday Blitz July 20 2021"]
[White "Titichoca Daza, Daniel"]
[Black "Perez Rodriguez, Luis Manuel"]
[WhiteFideId "3309550"]
[BlackFideId "3503364"]
[WhiteElo "1910"]
[BlackElo "2429"]
[Result "0-1"]
[Round "06"]
[TimeControl "180+1"]
[Date "2021.07.21"]
[WhiteClock "0:00:09"]
[BlackClock "0:01:18"]

1. e4 e5 2. Nf3 Nc6 3. Bc4 Nf6 4. d3 Be7 5. O-O O-O 6. a4 d6 7. a5 a6 8. c3 Kh8 9. Re1 Ng8 10. d4 f5 11. dxe5 fxe4 12. Rxe4 Rxf3 13. exd6 Rf8 14. Bxg8 Rxg8 15. Bf4 Bxd6 16. Bxd6 cxd6 17. Nd2 d5 18. Re3 d4 19. cxd4 Qxd4 20. Qe1 Bf5 21. Nf3 Qf6 22. Rc1 Rgf8 23. h3 Rad8 24. b4 Nd4 25. Nxd4 Qxd4 26. Rc7 Bc8 27. Re4 Qd1 28. Qxd1 Rxd1+ 29. Kh2 Rd7 30. Rec4 Rxc7 31. Rxc7 Kg8 32. Kg3 h6 33. f4 Re8 34. Kf3 Kf8 35. g4 Be6 36. h4 Bd5+ 37. Kf2 Re4 0-1


[Site "https://www.chess.com"]

[Event "Titled Tuesday Blitz July 20 2021"]
[White "Tokman, Ariel"]
[Black "Florescu, Codrut-Constantin"]
[WhiteFideId "117420"]
[BlackFideId "1202200"]
[WhiteElo "2345"]
[BlackElo "2243"]
[Result "1-0"]
[Round "06"]
[TimeControl "180+1"]
[Date "2021.07.21"]
[WhiteClock "0:00:07"]
[BlackClock "0:00:13"]

1. c4 e6 2. Nf3 d5 3. e3 Nf6 4. b3 Bd6 5. Bb2 O-O 6. Be2 b6 7. O-O Bb7 8. d3 Nbd7 9. Nbd2 Qe7 10. Rc1 Rfc8 11. Rc2 a5 12. Nd4 c6 13. cxd5 Nxd5 14. Qb1 a4 15. Ne4 axb3 16. axb3 Be5 17. Nf3 Bxb2 18. Qxb2 Nb4 19. Rd2 c5 20. Ng3 e5 21. Qb1 Qe6 22. d4 e4 23. Bc4 Qg6 24. dxc5 exf3 25. Rxd7 Qxb1 26. Rxb1 Bc6 27. Rxf7 Kh8 28. cxb6 Rab8 29. Nh5 Be4 30. Rd1 Rd8 31. Rxd8+ Rxd8 32. gxf3 Bg6 33. Nf4 Bxf7 34. Bxf7 Rb8 35. Nd5 Nxd5 36. Bxd5 Rxb6 37. f4 g6 38. Kg2 Kg7 39. h4 Kf6 40. Kg3 Rd6 41. Bg8 h5 42. Bc4 Rd2 43. e4 Rb2 44. e5+ Kg7 45. f3 Rb1 46. f5 Rg1+ 47. Kf4 gxf5 48. Kxf5 Rh1 49. f4 Rxh4 50. Kg5 Rh2 51. f5 Rg2+ 52. Kxh5 Kf8 53. f6 Rg3 54. e6 Re3 55. e7+ Ke8 56. Bb5+ Kf7 57. e8=Q+ Rxe8 58. Bxe8+ Kxf6 59. Kg4 Ke7 60. Ba4 Kd6 61. Kf3 Kc5 62. Ke3 Kb4 63. Kd2 1-0


[Site "https://www.chess.com"]

[Event "Titled Tuesday Blitz July 20 2021"]
[White "Tologon tegin, Semetei"]
[Black "Bach, Ngoc Thuy Duong"]
[WhiteFideId "13800574"]
[BlackFideId "12408956"]
[WhiteElo "2224"]
[BlackElo "1896"]
[Result "0-1"]
[Round "06"]
[TimeControl "180+1"]
[Date "2021.07.21"]
[WhiteClock "0:00:03"]
[BlackClock "0:00:47"]

1. d4 d5 2. c4 e6 3. Nc3 c6 4. Bf4 Nf6 5. e3 Bd6 6. Bg3 O-O 7. Nf3 dxc4 8. Bxc4 b5 9. Bd3 Bb7 10. Qc2 h6 11. Rd1 a6 12. Bh4 Be7 13. a3 Nbd7 14. O-O Qb6 15. e4 Rfe8 16. Rfe1 c5 17. d5 e5 18. Bg3 c4 19. Be2 Bd6 20. Nh4 g6 21. Kh1 Kg7 22. Rf1 Nc5 23. f4 exf4 24. Bxf4 Ncxe4 25. Nxe4 Nxe4 26. Rf3 Bxf4 27. Rxf4 Nf2+ 28. Rxf2 Qxf2 29. Qc3+ Kg8 0-1


[Site "https://www.chess.com"]

[Event "Titled Tuesday Blitz July 20 2021"]
[White "Trent, Lawrence"]
[Black "Dardha, Daniel"]
[WhiteFideId "408638"]
[BlackFideId "240990"]
[WhiteElo "2474"]
[BlackElo "2489"]
[Result "1-0"]
[Round "06"]
[TimeControl "180+1"]
[Date "2021.07.20"]
[WhiteClock "0:00:20"]
[BlackClock "0:00:23"]

1. e4 e5 2. Nf3 Nf6 3. d3 Nc6 4. Nbd2 d5 5. Be2 a5 6. a4 Bc5 7. c3 O-O 8. Qc2 Re8 9. h3 h6 10. Nf1 Be6 11. g4 dxe4 12. dxe4 Nh7 13. Ng3 Qd7 14. Nf5 f6 15. h4 Qf7 16. g5 fxg5 17. hxg5 Bxf5 18. exf5 e4 19. g6 Qxf5 20. gxh7+ Kxh7 21. Be3 Bxe3 22. fxe3 Rf8 23. O-O-O Kh8 24. Nh4 Qe6 25. Rdg1 Rf2 26. Ng6+ Kg8 27. Kb1 Qf5 28. Rh5 Qf6 29. Nf4 Re8 30. Bc4+ Kh7 31. Qxf2 Ne5 32. Be2 Rd8 33. Qg2 Rd2 34. Qxe4+ g6 35. Qxe5 Qb6 36. Qe7+ Kh8 37. Rxh6+ Kg8 38. Bc4+ 1-0


[Site "https://www.chess.com"]

[Event "Titled Tuesday Blitz July 20 2021"]
[White "Triapishko, Alexandr"]
[Black "Bakalchuk, Johnatan"]
[WhiteFideId "14122286"]
[BlackFideId "2810301"]
[WhiteElo "2490"]
[BlackElo "2507"]
[Result "0-1"]
[Round "06"]
[TimeControl "180+1"]
[Date "2021.07.20"]
[WhiteClock "0:00:02"]
[BlackClock "0:00:38"]

1. e4 c5 2. Nf3 g6 3. c3 d5 4. exd5 Qxd5 5. d4 Bg7 6. Be3 Nf6 7. c4 Qd8 8. h3 cxd4 9. Qxd4 O-O 10. Nc3 Qa5 11. Qc5 Nc6 12. Qxa5 Nxa5 13. O-O-O Be6 14. b3 Ng4 15. hxg4 Bxc3 16. Ng5 Bxg4 17. f3 Bf5 18. g4 Be6 19. Rxh7 b5 20. c5 Nxb3+ 21. axb3 Bxb3 22. Rd3 b4 23. Rh1 Rfd8 24. Ne4 Rxd3 25. Bxd3 Bg7 26. Nd2 Bd5 27. Be4 e6 28. Bxd5 exd5 29. Nb3 a5 30. Bd4 a4 31. Bxg7 Kxg7 32. Nd4 Kf6 33. f4 Ra5 34. g5+ Kg7 35. c6 Rc5+ 36. Kb2 Rc4 37. Rc1 a3+ 38. Kb1 a2+ 39. Kxa2 Rxc1 40. Kb3 Rc4 0-1


[Site "https://www.chess.com"]

[Event "Titled Tuesday Blitz July 20 2021"]
[White "Tsaruk, Maksim"]
[Black "Rozhkov, Viacheslav"]
[WhiteFideId "13511173"]
[BlackFideId "4181484"]
[WhiteElo "2184"]
[BlackElo "2324"]
[Result "1-0"]
[Round "06"]
[TimeControl "180+1"]
[Date "2021.07.21"]
[WhiteClock "0:00:32"]
[BlackClock "0:00:05"]

1. e4 c5 2. Nf3 d6 3. Bb5+ Nd7 4. O-O a6 5. Bd3 e6 6. a4 Qc7 7. c3 Ngf6 8. Bc2 b6 9. Re1 Bb7 10. d3 Be7 11. Nbd2 b5 12. Nf1 O-O 13. Ng3 Rfe8 14. h3 Nf8 15. Qe2 Ng6 16. d4 c4 17. h4 h6 18. h5 Nf8 19. Nh2 N8h7 20. e5 dxe5 21. dxe5 Qc6 22. f3 Nd5 23. Ng4 Bg5 24. Bxh7+ Kxh7 25. Bxg5 hxg5 26. Ne4 Nf4 27. Nxg5+ Kg8 28. Qc2 Kf8 29. Qh7 Qc5+ 30. Kh2 Ke7 31. Qxg7 Nxh5 32. Qxf7+ Kd8 33. Rad1+ Kc8 34. Qxe8+ 1-0


[Site "https://www.chess.com"]

[Event "Titled Tuesday Blitz July 20 2021"]
[White "Tsotsonava, Elene"]
[Black "Kassimov, Baurzhan"]
[WhiteFideId "13615939"]
[BlackFideId "13704800"]
[WhiteElo "1847"]
[BlackElo "2234"]
[Result "1-0"]
[Round "06"]
[TimeControl "180+1"]
[Date "2021.07.21"]
[WhiteClock "0:00:02"]
[BlackClock "0:00:19"]

1. e4 c5 2. Nf3 d6 3. d4 cxd4 4. Nxd4 Nf6 5. Nc3 a6 6. Bg5 Nbd7 7. Qe2 g6 8. O-O-O Bg7 9. f4 Qc7 10. g4 O-O 11. Bg2 e5 12. Nb3 exf4 13. h4 Ne5 14. Bxf6 Bxf6 15. Nd5 Qd8 16. Nxf6+ Qxf6 17. g5 f3 18. gxf6 fxe2 19. Rxd6 Bg4 20. Re1 Rfe8 21. Nd4 Nc4 22. Rd7 Rad8 23. Rxd8 Rxd8 24. Nxe2 Ne3 25. Nf4 Nxg2 26. Nxg2 h6 27. Ne3 Be6 28. b3 Rd4 29. Ng2 g5 30. hxg5 hxg5 31. c3 Rd3 32. Kc2 Rg3 33. Ne3 Kh7 34. Nd5 Kg6 35. c4 Rg2+ 36. Kc3 Rxa2 37. Rg1 Rf2 38. e5 Kf5 39. Kd4 g4 40. Ne3+ Kf4 41. Ng2+ Kg5 42. Ne3 Rf4+ 43. Kc5 Re4 44. Nd5 Rxe5 45. Kd6 Re4 46. Kc7 Rd4 47. Kxb7 Bxd5+ 48. cxd5 Rxd5 49. Kxa6 Rf5 50. b4 Rxf6+ 51. Ka7 Re6 52. b5 f5 53. b6 f4 54. b7 Re7 55. Ka8 Re8+ 56. b8=Q Rxb8+ 57. Kxb8 f3 58. Kc7 f2 59. Rf1 g3 60. Kd6 Kg4 61. Ke5 Kf3 62. Ra1 g2 63. Ra3+ Kg4 64. Ra4+ Kg5 65. Ra8 f1=Q 66. Rg8+ Kh4 67. Rh8+ Kg3 68. Rg8+ Kh2 69. Rxg2+ 1-0


[Site "https://www.chess.com"]

[Event "Titled Tuesday Blitz July 20 2021"]
[White "Vlassov, Nikolai"]
[Black "Sinitsina, Anastassia"]
[WhiteFideId "4103360"]
[BlackFideId "4504640"]
[WhiteElo "2407"]
[BlackElo "2204"]
[Result "0-1"]
[Round "06"]
[TimeControl "180+1"]
[Date "2021.07.21"]
[WhiteClock "0:00:05"]
[BlackClock "0:00:40"]

1. e4 e5 2. Bc4 Nf6 3. d3 Nc6 4. Nf3 Bc5 5. Bg5 h6 6. Bh4 d6 7. Nc3 g5 8. Bg3 Nh5 9. Nxe5 Nxg3 10. Nxc6 Qf6 11. Qf3 Qxf3 12. gxf3 Nxh1 13. d4 Bb6 14. Nb4 Bxd4 15. Ncd5 Bxf2+ 16. Ke2 Bb6 17. Rxh1 c6 18. Nxb6 axb6 19. Nd3 Ke7 20. h4 Be6 21. Bxe6 fxe6 22. a3 Rag8 23. Ke3 e5 24. a4 gxh4 25. Rxh4 h5 26. b3 Rg2 27. Ne1 Rg1 28. Kf2 Rg5 29. Rh2 h4 30. Nd3 h3 31. Ne1 Ke6 32. Kf1 Rg7 33. Nd3 Rg2 34. Rxg2 hxg2+ 35. Kxg2 d5 36. Nf2 Ra8 37. Kf1 Kd6 38. Ke2 Kc5 39. Kd3 Rf8 40. Ke3 Kb4 41. Nd3+ Kc3 42. Nxe5 Kxc2 43. b4 Kb3 44. b5 dxe4 45. fxe4 cxb5 46. axb5 Kb4 47. Nd7 Rd8 48. Nxb6 Kxb5 49. Nd5 Kc5 50. Nc3 b5 51. Kf4 b4 52. Na4+ Kb5 53. Nb2 Rd2 54. e5 Rxb2 0-1


[Site "https://www.chess.com"]

[Event "Titled Tuesday Blitz July 20 2021"]
[White "Vukovic, Zdravko"]
[Black "Shtyka, Sergey"]
[WhiteFideId "900877"]
[BlackFideId "4138465"]
[WhiteElo "2588"]
[BlackElo "2064"]
[Result "1-0"]
[Round "06"]
[TimeControl "180+1"]
[Date "2021.07.21"]
[WhiteClock "0:01:45"]
[BlackClock "0:00:05"]

1. e4 c5 2. b3 b6 3. Bb2 Bb7 4. Nc3 Nf6 5. e5 Nd5 6. Qf3 e6 7. Bc4 Nc6 8. Nxd5 exd5 9. Bxd5 Qe7 10. O-O-O Rc8 11. Nh3 Nd4 12. Bxd4 Bxd5 13. Qxd5 cxd4 14. Qxd4 Qa3+ 15. Kb1 Bc5 16. Qa4 Qxa4 17. bxa4 O-O 18. c3 f6 19. d4 Ba3 20. Kc2 fxe5 21. dxe5 Rc7 22. Rd3 g5 23. f3 Rf5 24. Re1 h5 25. g4 hxg4 26. fxg4 Rf8 27. Re2 Be7 28. Red2 Rfc8 29. Ng1 Kf7 30. Ne2 Ke6 31. Nd4+ Kf7 32. Nb5 Rc4 33. Rxd7 Ke6 34. Rxa7 Bb4 35. Rd3 Kxe5 36. Kb3 Bc5 37. Kxc4 1-0


[Site "https://www.chess.com"]

[Event "Titled Tuesday Blitz July 20 2021"]
[White "Wagner, Dennis"]
[Black "GrafLermontov"]
[WhiteFideId "24650684"]
[WhiteElo "2355"]
[BlackElo "2562"]
[Result "1-0"]
[Round "06"]
[TimeControl "180+1"]
[Date "2021.07.20"]
[WhiteClock "0:00:24"]
[BlackClock "0:00:12"]

1. e4 c5 2. Nf3 e6 3. d4 cxd4 4. Nxd4 Nc6 5. Nc3 Qc7 6. g3 a6 7. Bg2 Nf6 8. O-O Be7 9. Re1 d6 10. Nxc6 bxc6 11. e5 dxe5 12. Rxe5 O-O 13. Re2 Bb7 14. Bf4 Qb6 15. Na4 Qb5 16. c4 Qh5 17. Rd2 Rfd8 18. Qxh5 Nxh5 19. Be3 Rxd2 20. Bxd2 Nf6 21. Ba5 Kf8 22. Rd1 Ke8 23. b4 Nd7 24. Kf1 Rb8 25. c5 Bd8 26. Bxd8 Rxd8 27. Rd6 Ne5 28. Rxd8+ Kxd8 29. Ke2 Kc7 30. Nb6 h6 31. f4 Nd7 32. Nc4 f6 33. Bh3 Nf8 34. Ke3 Bc8 35. Nd6 Bd7 36. Bf1 e5 37. fxe5 fxe5 38. Bxa6 Ne6 39. Bd3 Nd4 40. a4 g5 41. Ke4 Nb3 42. Kxe5 h5 43. Kf6 h4 44. Kxg5 hxg3 45. hxg3 Nd2 46. Kf4 Nb3 47. g4 Nd4 48. Bf5 Ne6+ 49. Bxe6 Bxe6 50. g5 Kd7 51. Ke5 Bg8 52. a5 Kc7 53. Kf6 Kb8 54. g6 Ka7 55. g7 Ka6 56. Ke7 Bd5 57. Kf8 Ka7 58. Nf7 Bxf7 59. Kxf7 Ka6 60. g8=Q Kb5 61. Qc8 Ka4 62. Qxc6+ Kb3 63. Qb6 Kc4 64. a6 Kd5 65. a7 Kc4 66. c6 Kd5 67. c7 Kc4 68. c8=Q+ Kb3 69. a8=Q Kb2 70. Qd4+ Kb1 71. Qae4+ Ka2 72. Qca8+ Kb3 73. Qed3# 1-0


[Site "https://www.chess.com"]

[Event "Titled Tuesday Blitz July 20 2021"]
[White "Wilson, Elvin"]
[Black "Arkell, Keith C"]
[WhiteFideId "2014874"]
[BlackFideId "400270"]
[WhiteElo "2330"]
[BlackElo "2398"]
[Result "0-1"]
[Round "06"]
[TimeControl "180+1"]
[Date "2021.07.21"]
[WhiteClock "0:00:16"]
[BlackClock "0:01:29"]

1. c4 c5 2. g3 Nc6 3. Bg2 g6 4. Nc3 Bg7 5. e4 e6 6. Nge2 Nge7 7. O-O O-O 8. d3 a6 9. Be3 Nd4 10. Rb1 Nec6 11. Nc1 b5 12. b3 Rb8 13. f4 d6 14. Kh1 f5 15. N1e2 Qe7 16. Bg1 h5 17. Nxd4 Nxd4 18. Ne2 h4 19. Nxd4 Bxd4 20. Bxd4 cxd4 21. g4 fxe4 22. dxe4 e5 23. f5 bxc4 24. bxc4 Rxb1 25. Qxb1 Qg5 26. h3 Bd7 27. Qb6 Qe7 28. Qxa6 Rb8 29. Qa7 Rb2 30. f6 Qf7 31. g5 Be6 32. Qa3 Rb6 33. c5 dxc5 34. Qxc5 Rb8 35. Qxe5 Rd8 36. Rd1 d3 37. Qc3 Qd7 38. Kh2 Qd6+ 39. e5 Qa6 40. a3 Qb5 41. Be4 d2 42. Bxg6 Qe2+ 43. Kg1 Qxd1+ 44. Kg2 Qe2+ 0-1


[Site "https://www.chess.com"]

[Event "Titled Tuesday Blitz July 20 2021"]
[White "Zherebtsova, Alexandra"]
[Black "Martins, Igor Carvalho Ribeiro"]
[WhiteFideId "24129518"]
[BlackFideId "2162962"]
[WhiteElo "2025"]
[BlackElo "2530"]
[Result "1-0"]
[Round "06"]
[TimeControl "180+1"]
[Date "2021.07.21"]
[WhiteClock "0:00:04"]
[BlackClock "0:00:21"]

1. d4 Nf6 2. Nf3 g6 3. c4 Bg7 4. Nc3 d6 5. e4 O-O 6. h3 c5 7. d5 b5 8. cxb5 a6 9. bxa6 Qa5 10. Bd2 Bxa6 11. Bxa6 Qxa6 12. Qe2 Nbd7 13. Qxa6 Rxa6 14. O-O Rb8 15. b3 Ne8 16. Rfb1 Nc7 17. a4 Rab6 18. Ra3 e6 19. dxe6 fxe6 20. a5 Ra6 21. Ne2 Nb5 22. Ra4 d5 23. exd5 exd5 24. Bf4 Re8 25. Re1 Rea8 26. Bd2 Nf6 27. Nf4 Rd8 28. Re6 Rdd6 29. Rxd6 Nxd6 30. Ne6 Nfe4 31. Be3 d4 32. Bf4 Nb5 33. Nd2 Nxd2 34. Bxd2 Kf7 35. Nxc5 Rc6 36. Nd3 Rc2 37. Bf4 Ke6 38. a6 Rc3 39. Ne1 Rxb3 40. a7 Nxa7 41. Rxa7 Rb1 42. Ra6+ Kd5 43. Kf1 d3 44. Rd6+ Ke4 45. Bg3 Bc3 46. f3+ Kf5 47. Rxd3 Bf6 48. Ke2 Rb2+ 49. Rd2 1-0


[Site "https://www.chess.com"]

[Event "Titled Tuesday Blitz July 20 2021"]
[White "Zhigalko, Sergei"]
[Black "Trakru, Rohun"]
[WhiteFideId "13502956"]
[BlackFideId "2097613"]
[WhiteElo "2662"]
[BlackElo "1746"]
[Result "1-0"]
[Round "06"]
[TimeControl "180+1"]
[Date "2021.07.20"]
[WhiteClock "0:01:09"]
[BlackClock "0:00:02"]

1. e4 c6 2. d4 d5 3. e5 c5 4. Nf3 cxd4 5. Qxd4 Nc6 6. Qf4 g6 7. Nc3 Bh6 8. Qh4 e6 9. Qg3 Bxc1 10. Rxc1 f6 11. Bb5 Bd7 12. O-O Nh6 13. Qh4 Nf5 14. Qxf6 Qxf6 15. exf6 O-O 16. g4 Nh6 17. g5 Nf7 18. Rfe1 Rfe8 19. h4 a6 20. Bxc6 bxc6 21. Ne5 Nxe5 22. Rxe5 Rab8 23. Na4 Rb4 24. Nc5 Bc8 25. c4 Rxb2 26. cxd5 cxd5 27. Nd3 Rxa2 28. Rc7 Kf8 29. Rxh7 Kg8 30. Rg7+ 1-0


[Site "https://www.chess.com"]

[Event "Titled Tuesday Blitz July 20 2021"]
[White "Zubov, Alexander"]
[Black "Onyshchuk, Volodymyr"]
[WhiteFideId "14109409"]
[BlackFideId "14114038"]
[WhiteElo "2740"]
[BlackElo "2603"]
[Result "0-1"]
[Round "06"]
[TimeControl "180+1"]
[Date "2021.07.20"]
[WhiteClock "0:00:15"]
[BlackClock "0:00:24"]

1. d4 d6 2. Bg5 g6 3. c3 Bg7 4. Nd2 h6 5. Bh4 Nf6 6. e3 O-O 7. Ngf3 Nbd7 8. Nc4 b6 9. Be2 Bb7 10. O-O a6 11. a4 Qe8 12. Qb3 Rb8 13. Rfd1 e5 14. Qc2 exd4 15. cxd4 Nd5 16. Bg3 Qe7 17. Re1 f5 18. Bf1 N7f6 19. Ncd2 Rbe8 20. Rac1 Kh7 21. b4 Qf7 22. b5 a5 23. h3 Re7 24. Bc4 Kh8 25. Qb3 Rfe8 26. Bh2 Qf8 27. Nh4 Kh7 28. Qb1 Nb4 29. Bf1 Ne4 30. Nhf3 Bd5 31. Bc4 Bb7 32. Bf1 g5 33. Red1 Qf7 34. Qb3 Qg6 35. Nxe4 Bxe4 36. Nd2 Bd5 37. Qb1 h5 38. Bc4 Bb7 39. Be2 h4 40. Bf3 Bc8 41. Rc4 Be6 42. Rc3 Rf7 43. Rdc1 Ree7 44. Be2 Kh8 45. Bc4 Bxc4 46. Rxc4 Qe6 47. Nf3 Bf6 48. d5 Nxd5 49. Nd4 Bxd4 50. Rxd4 Nb4 51. Rcd1 Kh7 52. Qc1 Qg6 53. Qc4 Re4 54. Rxe4 fxe4 55. Rd2 Nd3 56. f3 Nc5 57. f4 Rf5 58. Rf2 Qf7 59. g4 Qxc4 0-1


[Site "https://www.chess.com"]

[Event "Titled Tuesday Blitz July 20 2021"]
[White "ketster"]
[Black "Gusarov, Grigory"]
[BlackFideId "24102172"]
[WhiteElo "2457"]
[BlackElo "2269"]
[Result "0-1"]
[Round "06"]
[TimeControl "180+1"]
[Date "2021.07.21"]
[WhiteClock "0:00:05"]
[BlackClock "0:00:24"]

1. d4 Nf6 2. c4 c5 3. d5 b5 4. cxb5 a6 5. bxa6 d6 6. Nc3 Bxa6 7. e4 Bxf1 8. Kxf1 g6 9. Nf3 Bg7 10. g3 O-O 11. Kg2 Nbd7 12. a4 Qb6 13. Qe2 Rfb8 14. Nb5 Ne8 15. Bg5 Kf8 16. Ra3 Nc7 17. Rha1 Nxb5 18. axb5 Rxa3 19. Rxa3 Qxb5 20. Qxb5 Rxb5 21. Ra8+ Rb8 22. Ra7 Ke8 23. Nd2 Rxb2 24. Nc4 Rb8 25. Na5 Bf6 26. Nc6 Rc8 27. Be3 c4 28. f4 c3 29. Ra4 e6 30. Kf3 exd5 31. exd5 h5 32. h3 Kf8 33. Ke2 Re8 34. Kd3 Rxe3+ 35. Kxe3 Nb6 36. Ra1 Nxd5+ 37. Kd3 h4 38. gxh4 Nxf4+ 39. Kc2 Nxh3 40. Rf1 Kg7 41. Nb4 Be5 42. Nd5 f5 43. Kd3 Kh6 44. Nxc3 Bxc3 45. Kxc3 Kh5 46. Kd3 Kxh4 47. Ke3 f4+ 48. Kf3 g5 49. Rh1 g4+ 50. Ke4 Kg3 51. Rc1 f3 52. Ke3 Kg2 53. Rc2+ f2 54. Rb2 g3 55. Rc2 Kg1 56. Kf3 g2 57. Kg3 f1=Q 58. Kxh3 Qf5+ 59. Kg3 Qxc2 60. Kh3 Qf2 61. Kg4 Kf1 62. Kh3 d5 63. Kg4 g1=Q+ 64. Kh3 Qfh2# 0-1


[Site "https://www.chess.com"]

[Event "Titled Tuesday Blitz July 20 2021"]
[White "volunteers1998"]
[Black "Gontcharov, Vladislav"]
[BlackFideId "4123492"]
[WhiteElo "2208"]
[BlackElo "2503"]
[Result "1-0"]
[Round "06"]
[TimeControl "180+1"]
[Date "2021.07.21"]
[WhiteClock "0:01:22"]
[BlackClock "0:00:08"]

1. e4 e6 2. Nf3 d5 3. Nc3 Nf6 4. e5 Nfd7 5. d4 c5 6. dxc5 Nc6 7. Bf4 h6 8. Bd3 Bxc5 9. O-O g5 10. Bg3 g4 11. Nd2 Ndxe5 12. Bb5 Bd7 13. Re1 a6 14. Bxc6 Nxc6 15. Nxd5 Rc8 16. Qxg4 Kf8 17. Ne3 h5 18. Qc4 Nd4 19. Rad1 Bb5 20. Qc3 h4 21. Be5 Rg8 22. Ne4 Nf3+ 23. Kh1 Bd6 24. Bxd6+ Qxd6 25. Qxc8+ 1-0


[Site "https://www.chess.com"]

[Event "Titled Tuesday Blitz July 20 2021"]
[White "Ahmadzada, Ahmad"]
[Black "ValeriyGrinev"]
[WhiteFideId "13413007"]
[WhiteElo "2226"]
[BlackElo "2636"]
[Result "1-0"]
[Round "07"]
[TimeControl "180+1"]
[Date "2021.07.20"]
[WhiteClock "0:01:08"]
[BlackClock "0:00:38"]

1. Nf3 Nf6 2. g3 b6 3. Bg2 Bb7 4. O-O e6 5. c4 c5 6. Nc3 Be7 7. Re1 d5 8. cxd5 Nxd5 9. e4 Nxc3 10. bxc3 O-O 11. d4 cxd4 12. cxd4 Nc6 13. Bb2 Na5 14. Ne5 Rc8 15. d5 exd5 16. exd5 Bf6 17. Qg4 Rc2 18. Ba3 Re8 19. Nxf7 Kxf7 20. Qh5+ g6 21. Qxh7+ Bg7 22. Be4 Rxe4 23. Rxe4 Rc7 24. Rf4+ Qf6 25. Rxf6+ Kxf6 26. Bb2+ 1-0


[Site "https://www.chess.com"]

[Event "Titled Tuesday Blitz July 20 2021"]
[White "Aldokhin, Ivan"]
[Black "Kobalia, Mikhail"]
[WhiteFideId "24115720"]
[BlackFideId "4119150"]
[WhiteElo "2306"]
[BlackElo "2569"]
[Result "0-1"]
[Round "07"]
[TimeControl "180+1"]
[Date "2021.07.20"]
[WhiteClock "0:00:01"]
[BlackClock "0:00:26"]

1. e4 c6 2. Nc3 d5 3. d4 dxe4 4. Nxe4 Bf5 5. Ng3 Bg6 6. h4 h6 7. Nh3 e5 8. Be3 exd4 9. Bxd4 Bxc2 10. Qd2 Nf6 11. Bxf6 Qxf6 12. Qxc2 Bb4+ 13. Ke2 O-O 14. Ne4 Re8 15. f4 Rxe4+ 16. Qxe4 Qxb2+ 17. Kf3 Qxa1 18. Qxb4 Na6 19. Qe4 Nc5 20. Qe5 Qd1+ 21. Kg3 Nd7 22. Qe2 Qd6 23. Qd3 Qe7 24. Nf2 Nf6 25. Be2 Rd8 26. Qc4 Rd2 27. Bf3 Qe3 0-1


[Site "https://www.chess.com"]

[Event "Titled Tuesday Blitz July 20 2021"]
[White "Ambartsumova, Karina"]
[Black "Dzierzak, Radoslaw"]
[WhiteFideId "4166299"]
[BlackFideId "1161407"]
[WhiteElo "2262"]
[BlackElo "2019"]
[Result "0-1"]
[Round "07"]
[TimeControl "180+1"]
[Date "2021.07.21"]
[WhiteClock "0:00:17"]
[BlackClock "0:00:18"]

1. e4 c5 2. Nf3 Nc6 3. d4 cxd4 4. Nxd4 e6 5. Nc3 Qc7 6. Be2 a6 7. O-O Nf6 8. Be3 Bb4 9. Nxc6 bxc6 10. f4 Bxc3 11. bxc3 Nxe4 12. Qd4 Nf6 13. f5 O-O 14. Bf4 Qa7 15. Bd6 Qxd4+ 16. cxd4 Re8 17. Bd3 a5 18. Rab1 Ba6 19. Bxa6 Rxa6 20. Rb7 h5 21. Be5 Ne4 22. Rxd7 f6 23. Bd6 exf5 24. Rxf5 Re6 25. Bc5 g6 26. Rf1 Ra8 27. Rb1 Rae8 28. g3 Nxc5 29. dxc5 Re1+ 30. Rxe1 Rxe1+ 31. Kf2 Rc1 32. Rd2 Kf7 33. Ke3 Ke6 34. Kd4 Re1 35. c3 f5 36. c4 g5 37. Rf2 Re4+ 38. Kd3 Ke5 39. Rb2 f4 40. gxf4+ gxf4 41. Rb8 Re3+ 42. Kd2 Kd4 43. Rf8 Rf3 44. Ke2 Re3+ 45. Kf2 Kxc4 46. Rxf4+ Kd3 47. Rf3 Rxf3+ 48. Kxf3 Kd4 49. h4 Kxc5 50. Kf4 Kb4 51. Kg5 c5 52. Kxh5 c4 53. Kg6 c3 54. h5 c2 55. h6 c1=Q 56. h7 Qc3 57. Kf7 Qh8 58. Kg6 Ka3 59. Kh6 Kxa2 60. Kg6 a4 61. Kh6 a3 62. Kg6 Kb2 63. Kh6 a2 64. Kg6 a1=Q 65. Kh6 Qg1 66. Kh5 Qxh7# 0-1


[Site "https://www.chess.com"]

[Event "Titled Tuesday Blitz July 20 2021"]
[White "Asadli, Vugar"]
[Black "Indjic, Aleksandar"]
[WhiteFideId "13405764"]
[BlackFideId "911925"]
[WhiteElo "2386"]
[BlackElo "2643"]
[Result "1/2-1/2"]
[Round "07"]
[TimeControl "180+1"]
[Date "2021.07.20"]
[WhiteClock "0:00:25"]
[BlackClock "0:00:19"]

1. e4 c5 2. Nc3 Nc6 3. Bb5 Nd4 4. Nf3 e6 5. O-O a6 6. Bd3 Ne7 7. Nxd4 cxd4 8. Ne2 Nc6 9. f4 Bc5 10. Kh1 h5 11. a3 b5 12. b4 Bb6 13. Bb2 h4 14. h3 Bb7 15. c3 d5 16. cxd4 dxe4 17. Bxe4 Qd7 18. f5 O-O-O 19. fxe6 fxe6 20. Rc1 Kb8 21. Qb3 Rhf8 22. Bf3 Rf5 23. Qc2 Rc8 24. Qe4 Na5 25. Rxc8+ Qxc8 26. Qd3 Nc4 27. Bc3 Qf8 28. Ng1 g5 29. Re1 Bxf3 30. Nxf3 g4 31. hxg4 Rf4 32. Re4 Bc7 33. d5 exd5 34. Rxf4 Qxf4 35. Qf5 Qe4 36. Qxe4 dxe4 37. Ng5 e3 38. dxe3 Nxe3 39. Nf3 Bg3 40. g5 Nd5 41. g6 Kc8 42. g7 Ne7 43. Bf6 Ng8 44. Bxh4 Bf4 45. Bf2 Kd7 46. Nd4 Bc1 47. Nc2 Ke6 48. Bd4 Kd5 49. g4 Bxa3 50. Ba1 Bc1 51. Kg2 Ke4 52. Kg3 Bg5 53. Nd4 Bf6 54. Nb3 Bxa1 55. Nxa1 Ke5 56. Nb3 Kf6 57. Nc5 Kxg7 58. Nxa6 Nf6 59. Nc7 Ne4+ 60. Kf4 Nc3 61. Ke5 Kg6 62. Nd5 Na2 63. Kf4 Nc1 64. g5 Nd3+ 65. Kg4 Ne5+ 66. Kf4 Nd3+ 67. Kg4 Ne5+ 68. Kf4 Nd3+ 1/2-1/2


[Site "https://www.chess.com"]